 Dungeon Crawl Stone Soup version 0.25-a0-665-ga69d64035b (webtiles) character file.

Game seed: 6137721574547496354, levelgen mode: deterministic

24883 Arthanis the Cleaver (level 13, -4/108 HPs)
             Began as a Vine Stalker Berserker on Mar 26, 2020.
             Was a High Priest of Trog.
             Slain by a vault guard
             ... wielding a +2 glaive
              (9 damage)
             ... on level 14 of the Dungeon.
             The game lasted 00:23:00 (8907 turns).

Arthanis the Cleaver (Vine Stalker Berserker)       Turns: 8907, Time: 00:23:00

Health: -4/108     AC: 20    Str: 24    XL:     13   Next: 16%
Magic:  0/18       EV:  7    Int: 11    God:    Trog [*****.]
Gold:   482        SH: 10    Dex: 14    Spells: 12/12 levels left

rFire    . . .     SeeInvis .   F - +4 broad axe
rCold    . . .     Gourm    +   v - +0 kite shield
rNeg     . . .     Faith    .   W - +0 plate armour
rPois    .         Spirit   +   (no helmet)
rElec    .         Reflect  .   S - +0 cloak
rCorr    .         Harm     .   E - +2 pair of gloves
MR       +++..                  (no boots)
Stlth    ..........             L - amulet of the gourmand
HPRegen  2.08/turn              s - +3 ring of strength
MPRegen  0.16/turn              h - +2 ring of protection

@: berserking, regenerating, very quick
A: fangs 3, regeneration 2, magic shield, antimagic bite, no potion heal 3, rot
immunity
a: Berserk, Trog's Hand, Brothers in Arms, Renounce Religion


You were on level 14 of the Dungeon.
You worshipped Trog.
Trog was extremely pleased with you.
You were full.

You visited 1 branch of the dungeon, and saw 14 of its levels.

You collected 722 gold pieces.
You spent 240 gold pieces at shops.

Inventory:

Hand Weapons
 a - the +7 trident of Uncertain Death {venom, rN+}
   (You found it on level 5 of the Dungeon)

   It poisons the flesh of those it strikes.
   It protects you from negative energy.
 b - a +5 antimagic war axe
 q - a +0 hand axe of flaming
 r - a +1 hand axe of draining
 A - a +2 vorpal broad axe
 F - a +4 broad axe (weapon)
 O - the +2 trident "Liceimpi" {elec, +Fly SInv}
   (You found it on level 7 of the Dungeon)

   Occasionally, upon striking a foe, it will discharge some electrical energy
   and cause terrible harm.
   It lets you see invisible.
   It lets you fly.
 T - a +4 executioner's axe of flaming
Armour
 v - a +0 kite shield (worn)
 E - a +2 pair of gloves (worn)
 S - a +0 cloak (worn)
 W - a +0 plate armour (worn)
Jewellery
 h - a +2 ring of protection (right hand)
 l - an uncursed ring of see invisible
 s - a +3 ring of strength (left hand)
 D - an uncursed ring of poison resistance
 I - the ring "Fuymior" {rF+ Int+4 SInv}
   (You acquired it on level 10 of the Dungeon)

   [ring of protection from fire]

   It affects your intelligence (+4).
   It protects you from fire.
   It lets you see invisible.
 L - an amulet of the gourmand (around neck)
 V - an uncursed ring of ice
Wands
 K - a wand of polymorph (8)
 M - a wand of acid (12)
 N - a wand of iceblast (6)
 R - a wand of enslavement (8)
 U - a wand of flame (15)
 X - a wand of disintegration (10)
Scrolls
 d - 2 scrolls of immolation
 e - a scroll of magic mapping
 f - 4 scrolls of teleportation
 j - 2 scrolls of enchant weapon
 k - 9 scrolls of remove curse
 o - 2 scrolls of enchant armour
 u - a scroll of random uselessness
 w - a scroll of identify
 y - 5 scrolls of fear
 G - 2 scrolls of noise
 J - 4 scrolls of blinking
 Y - a scroll of vulnerability
Potions
 g - a potion of might {unknown}
 i - 3 potions of heal wounds
 m - 3 potions of lignification
 n - a potion of ambrosia {unknown}
 p - 3 potions of curing
 t - 4 potions of flight
 x - 2 potions of mutation {unknown}
 z - 3 potions of degeneration {unknown}
 B - 4 potions of stabbing {unknown}
 C - a potion of haste {unknown}
 H - a potion of magic {unknown}
 P - a potion of cancellation {unknown}
 Q - 4 potions of brilliance {unknown}
 Z - a potion of invisibility {unknown}
Comestibles
 c - 21 rations


   Skills:
 + Level 9.8 Fighting
 * Level 13.1 Axes
 - Level 8.0 Armour
 - Level 4.0 Dodging
 - Level 4.2 Shields
 - Level 6.1 Evocations


You had 12 spell levels left.
You didn't know any spells.
Your spell library contained the following spells:

 Spells                   Type           Power        Failure   Level  Hunger
 Confusing Touch          Hex            #.......     100%        3    ####...
 Gell's Gravitas          Tloc           #.........   100%        3    ####...
 Cause Fear               Hex            #.........   100%        4    #####..
 Petrify                  Tmut/Erth      #.......     100%        4    #####..
 Metabolic Englaciation   Hex/Ice        #.........   100%        5    ######.
 Silence                  Hex/Air        #.........   100%        5    ######.
 Yara's Violent Unravell  Hex/Tmut       #.........   100%        5    ######.
 Deflect Missiles         Chrm/Air       #.........   100%        6    #######
 Discord                  Hex            #.........   100%        8    #######


Dungeon Overview and Level Annotations

Branches:
Dungeon (14/15)            Temple (0/1) D:7            Lair (0/6) D:8
    Orc (0/2) D:12         Vaults (0/5) D:14

Altars:
Okawaru
Yredelemnul
The Shining One

Shops:
D:5 ?


Innate Abilities, Weirdness & Mutations

You have razor-sharp teeth.
You heal very quickly.
When hurt, damage is shared between your health and your magic reserves.
Your bite disrupts and absorbs the magic of your enemies.
Potions cannot restore your health.
You are immune to rotting.


Message History

You block the troll's attack.
You slash the troll!
The troll is severely wounded.
You slice the vault guard!! You miss something.
Something hits you but does no damage.
You slice the troll!!
You kill the troll!
Trog accepts your kill.
You slash the vault guard!
You feel the power of Trog in you as your rage grows.
You kill the vault guard!
Trog accepts your kill.
Training target 8.0 for Armour reached!
Your Armour skill increases to level 8!
You hit something.
You hear some strange, mumbled words.
A puff of frost appears from out of thin air!
You block the puff of frost.
The vault guard hits you from afar with a +2 glaive!
You die...

##....'....
##.....####...###...>
#.#...#.##....# #####
#.......#.....# #
...∩...+....######## #
)Z{.. #....# #.....
#.#p.5#.##...# #.....
#.)p5.# ##=.# #.....
##@## ##.# #.....
##.(.## ##.# #.....
##.....####..###.....
.##.......##....##.....
........)...............
##...............#######
#################


You could see 2 vault guards, 2 shadow imps and a centaur warrior zombie.

Vanquished Creatures
  Erolcha (D:9)
  A centaur warrior (D:14)
  2 vault guards (D:14)
  2 hydras
  A death knight (D:12)
  Erica (D:8)
  5 two-headed ogres
  Nergalle (D:11)
  A wolf spider zombie (D:13)
  A manticore (D:11)
  An ugly thing (D:11)
  2 deep elf magi
  A cyclops (D:13)
  Joseph (D:8)
  A centaur zombie (D:13)
  A gargoyle (D:12)
  Psyche (D:11)
  2 kobold demonologists (D:11)
  2 tengu conjurers (D:13)
  2 trolls
  Prince Ribbit (D:8)
  Grinder (D:5)
  A hippogriff (D:9)
  12 yaks
  A shadow (D:13)
  3 wraiths
  A wyvern (D:10)
  Grum (D:10)
  A steam dragon (D:12)
  A hungry ghost (D:13)
  Duvessa (D:5)
  A water moccasin (D:11)
  An ice beast (D:11)
  3 orc warriors
  A phantom (D:13)
  2 black bears
  2 sky beasts
  2 eyes of draining
  3 necrophages
  An ogre (D:9)
  2 wolves (D:10)
  11 centaurs
  5 big kobolds
  Blork the orc (D:6)
  8 bullfrogs
  3 gnoll sergeants
  A water moccasin zombie (D:8)
  Dowan (D:5)
  A wyvern skeleton (D:9)
  4 scorpions
  10 wights
  10 killer bees
  5 howler monkeys
  2 bullfrog zombies (D:12)
  6 crimson imps
  5 jellies
  2 quasits
  4 human zombies (D:8)
  9 orc priests
  8 hounds
  3 bullfrog skeletons
  2 centaur skeletons
  8 orc wizards
  5 iguanas
  8 worker ants
  A hound skeleton (D:8)
  3 mummies (D:8)
  20 gnolls
  A howler monkey skeleton (D:4)
  10 adders
  5 shadow imps
  A worm (D:2)
  2 dart slugs
  6 leopard geckos
  36 orcs
  5 giant cockroaches
  8 goblins
  A hobgoblin (D:1)
  7 jackals
  A quokka (D:11)
  A ball python (D:5)
  7 bats
  4 frilled lizards
  22 kobolds
  2 leopard gecko skeletons
  6 rats
343 creatures vanquished.

Vanquished Creatures (others)
  A howler monkey (D:12)
1 creature vanquished.

Grand Total: 344 creatures vanquished

Notes
Turn   | Place    | Note
-------+----------+-------------------------------------------
     0 | D:1      | Arthanis the Vine Stalker Berserker began the quest for the
                  | Orb.
     0 | D:1      | Reached XP level 1. HP: 11/11 MP: 2/2
    70 | D:1      | Reached XP level 2. HP: 3/16 MP: 0/3
   189 | D:1      | Found a glowing golden altar of the Shining One.
   229 | D:1      | Reached skill level 3 in Axes
   790 | D:2      | Found an iron altar of Okawaru.
   835 | D:2      | Reached XP level 3. HP: 19/19 MP: 4/4
   947 | D:2      | Reached ** piety under Trog
   993 | D:2      | Gained mutation: Your natural rate of healing is unusually
                  | fast. [Vine Stalker growth]
   993 | D:2      | Reached XP level 4. HP: 24/24 MP: 5/5
  1433 | D:3      | Noticed a bullfrog
  1440 | D:3      | Killed a bullfrog
  1440 | D:3      | Reached skill level 4 in Axes
  1440 | D:3      | Reached XP level 5. HP: 28/28 MP: 6/6
  1761 | D:3      | Reached XP level 6. HP: 32/32 MP: 4/7
  2223 | D:4      | Reached skill level 1 in Shields
  2363 | D:4      | Reached skill level 5 in Axes
  2363 | D:4      | Reached XP level 7. HP: 9/37 MP: 6/8
  2562 | D:5      | Entered Level 5 of the Dungeon
  2635 | D:5      | Found Boqar's Magic Scroll Emporium.
  2649 | D:5      | Got a fine trident
  2668 | D:5      | Bought a scroll of teleportation for 45 gold pieces
  2668 | D:5      | Bought a scroll of remove curse for 45 gold pieces
  2668 | D:5      | Bought a scroll of identify for 30 gold pieces
  2668 | D:5      | Bought a scroll of identify for 30 gold pieces
  2668 | D:5      | Bought 2 scrolls of noise for 30 gold pieces
  2668 | D:5      | Bought a scroll of identify for 30 gold pieces
  2668 | D:5      | Bought a scroll of identify for 30 gold pieces
  2668 | D:5      | Identified the +7 trident of Uncertain Death {venom, rN+}
                  | (You found it on level 5 of the Dungeon)
  2715 | D:5      | Reached *** piety under Trog
  2760 | D:5      | Noticed Dowan
  2761 | D:5      | Noticed Duvessa
  2775 | D:5      | Killed Duvessa
  2782 | D:5      | Killed Dowan
  2874 | D:5      | Noticed Grinder
  2885 | D:5      | Killed Grinder
  2885 | D:5      | Reached skill level 6 in Axes
  2885 | D:5      | Gained mutation: You have razor-sharp teeth. [Vine Stalker
                  | growth]
  2885 | D:5      | Reached XP level 8. HP: 42/42 MP: 9/9
  3210 | D:6      | Noticed Blork the orc
  3217 | D:6      | Killed Blork the orc
  3370 | D:6      | Reached skill level 5 in Fighting
  3378 | D:6      | Reached skill level 1 in Evocations
  3560 | D:6      | Reached skill level 7 in Axes
  3592 | D:6      | Reached XP level 9. HP: 46/47 MP: 9/11
  4181 | D:7      | Reached **** piety under Trog
  4222 | D:7      | Found a staircase to the Ecumenical Temple.
  4256 | D:7      | Got a warped trident
  4376 | D:7      | Identified the +2 trident "Liceimpi" {elec, +Fly SInv} (You
                  | found it on level 7 of the Dungeon)
  4426 | D:8      | Noticed a two-headed ogre
  4430 | D:8      | Killed a two-headed ogre
  4440 | D:8      | Reached skill level 5 in Armour
  4601 | D:8      | Reached skill level 8 in Axes
  4732 | D:8      | Noticed Erica
  4750 | D:8      | Killed Erica
  4750 | D:8      | Reached XP level 10. HP: 53/53 MP: 11/13
  4792 | D:8      | Noticed Prince Ribbit
  4813 | D:8      | Killed Prince Ribbit
  5023 | D:8      | Found a basalt altar of Yredelemnul.
  5059 | D:8      | Reached skill level 9 in Axes
  5102 | D:8      | Reached ***** piety under Trog
  5102 | D:8      | Received a gift from Trog
  5167 | D:8      | Found a staircase to the Lair.
  5266 | D:8      | Noticed Joseph
  5276 | D:8      | Killed Joseph
  5357 | D:9      | Noticed a two-headed ogre
  5370 | D:9      | Killed a two-headed ogre
  5433 | D:9      | Reached skill level 10 in Axes
  5504 | D:9      | Reached XP level 11. HP: 58/58 MP: 15/15
  5609 | D:9      | Noticed Erolcha
  5632 | D:9      | Killed Erolcha
  5852 | D:10     | Entered Level 10 of the Dungeon
  5881 | D:10     | Noticed Grum
  5894 | D:10     | Killed Grum
  6040 | D:10     | Identified a scroll of acquirement
  6121 | D:10     | Identified the ring "Fuymior" {rF+ Int+4 SInv} (You
                  | acquired it on level 10 of the Dungeon)
  6779 | D:11     | Reached skill level 11 in Axes
  6854 | D:11     | Received a gift from Trog
  6867 | D:11     | Noticed a manticore
  6881 | D:11     | Killed a manticore
  6884 | D:11     | Noticed a brown ugly thing
  6893 | D:11     | Killed a brown ugly thing
  6912 | D:11     | Noticed Nergalle
  6913 | D:11     | Noticed a spectral orc warlord
  6925 | D:11     | Killed Nergalle
  7067 | D:11     | Reached skill level 5 in Evocations
  7166 | D:11     | Noticed Psyche
  7168 | D:11     | Killed Psyche
  7557 | D:12     | Gained mutation: You heal very quickly. [Vine Stalker
                  | growth]
  7557 | D:12     | Reached XP level 12. HP: 65/65 MP: 16/16
  7621 | D:12     | Received a gift from Trog
  7758 | D:12     | Noticed a death knight
  7770 | D:12     | Killed a death knight
  7825 | D:12     | Found a staircase to the Orcish Mines.
  7925 | D:12     | Noticed a four-headed hydra
  7937 | D:12     | Killed a two-headed hydra
  7950 | D:12     | Reached skill level 12 in Axes
  8376 | D:13     | HP: 1/66 [cyclops (13)]
  8534 | D:13     | Noticed a two-headed ogre
  8541 | D:13     | Killed a two-headed ogre
  8618 | D:13     | Found a basalt altar of Yredelemnul.
  8623 | D:13     | Noticed a two-headed ogre
  8631 | D:13     | Killed a two-headed ogre
  8812 | D:14     | Noticed a six-headed hydra
  8821 | D:14     | Killed a three-headed hydra
  8883 | D:14     | Received a gift from Trog
  8892 | D:14     | Found a gate to the Vaults.
  8892 | D:14     | Noticed a vault guard
  8892 | D:14     | Noticed a vault guard
  8892 | D:14     | Noticed a vault guard
  8892 | D:14     | Noticed a vault guard
  8892 | D:14     | Noticed a centaur warrior
  8892 | D:14     | Noticed a two-headed ogre
  8898 | D:14     | Killed a two-headed ogre
  8898 | D:14     | Reached XP level 13. HP: 18/70 MP: 1/18
  8902 | D:14     | Killed a vault guard
  8904 | D:14     | Reached skill level 13 in Axes
  8905 | D:14     | HP: 2/106 [vault guard/+6 great mace (6)]
  8907 | D:14     | Killed a vault guard
  8907 | D:14     | Slain by a vault guard

Levels and vault maps discovered:
D:1:      dpeg_arrival_pond, layout_basic, tso_metal_star
D:2:      layout_rooms, okawaru_trees_1, hangedman_decor_growths
D:3:      layout_basic, first_ration
D:4:      layout_rooms, minmay_misc_feat_ornament
D:5:      layout_gridville, serial_shops, kennysheep_little_box, uniq_duvessa,
          uniq_grinder
D:6:      layout_basic, uniq_blork_the_orc
D:7:      layout_basic, temple_green
D:8:      layout_loops_ring, lair_entry_dummy,
          lemuel_mausoleum_altar_yredelemnul, uniq_erica, uniq_joseph,
          uniq_prince_ribbit1
D:9:      layout_rooms, uniq_erolcha
D:10:     layout_loops_corners, uniq_grum
D:11:     layout_irregular_city, uniq_psyche, uniq_nergalle
D:12:     layout_rooms
D:13:     layout_small_grid, basic_altar
D:14:     layout_roguey, lightli_vaults_fourway_checkpoint, hex_tiny,
          basic_altar, corexii_hall_statues_l, uniq_azrael

Skill      XL: |  1  2  3  4  5  6  7  8  9 10 11 12 13 |
---------------+----------------------------------------+-----
Axes           | 3 4 5 6 7 8 10 11 12 13 | 13.1
Fighting       | 3 4 5 6 7 8 9 |  9.8
Dodging        | 2 3 4 |  4.0
Armour         | 2 3 4 5 6 7 8 |  8.0
Shields        | 1 2 3 4 |  4.2
Evocations     | 1 3 4 5 6 |  6.1

Action                   |  1- 3 |  4- 6 |  7- 9 | 10-12 | 13-15 || total
-------------------------+-------+-------+-------+-------+-------++-------
Melee: Hand axe          |    70 |    70 |    39 |   105 |       ||   284
       Bite              |    12 |    33 |    57 |   181 |     5 ||   288
       War axe           |       |    40 |       |    62 |       ||   102
       Trident           |       |       |   197 |   463 |       ||   660
       Executioner's axe |       |       |       |     3 |       ||     3
       Broad axe         |       |       |       |     2 |     9 ||    11
Invok: Berserk           |     7 |     5 |     9 |    16 |       ||    37
       Trog's Hand       |       |     1 |       |     4 |       ||     5
Evoke: Wand              |       |       |       |     2 |       ||     2
  Use: Scroll            |       |       |     9 |     7 |       ||    16
 Stab: Distracted        |     1 |       |       |     2 |       ||     3
  Eat: Chunk             |     5 |    10 |    28 |    30 |       ||    73
Armor: Animal skin       |    10 |       |       |       |       ||    10
       Scale mail        |     9 |    43 |    56 |       |       ||   108
       Chain mail        |       |       |    40 |    78 |       ||   118
       Plate armour      |       |       |       |   230 |    10 ||   240
Dodge: Dodged            |    39 |    53 |    51 |   130 |       ||   273
Block: Kite shield       |       |    29 |    87 |   289 |     9 ||   414

Table legend:
 A = Non-vault XP
 B = Vault XP
 C = Vault XP percentage of total XP
 D = Non-vault monster count
 E = Vault monster count
 F = Vault count percentage of total count
                 A         B        C        D         E       F
            +---------+---------+-------+---------+---------+-------
      Total |   25804 |    9744 |  27.4 |     313 |      30 |   8.7
            +---------+---------+-------+---------+---------+-------
        D:1 |      32 |       0 |   0.0 |      19 |       0 |   0.0
        D:2 |      72 |       0 |   0.0 |      15 |       0 |   0.0
        D:3 |     222 |       0 |   0.0 |      21 |       0 |   0.0
        D:4 |     317 |       0 |   0.0 |      15 |       0 |   0.0
        D:5 |     427 |     490 |  53.4 |      15 |       3 |  16.7
        D:6 |     807 |      96 |  10.6 |      20 |       1 |   4.8
        D:7 |     293 |       0 |   0.0 |      19 |       0 |   0.0
        D:8 |    2027 |    2545 |  55.7 |      30 |      15 |  33.3
        D:9 |    2222 |     973 |  30.5 |      29 |       1 |   3.3
       D:10 |    1284 |     414 |  24.4 |      22 |       3 |  12.0
       D:11 |    4957 |    1177 |  19.2 |      48 |       2 |   4.0
       D:12 |    5145 |       0 |   0.0 |      33 |       0 |   0.0
       D:13 |    6411 |       0 |   0.0 |      25 |       0 |   0.0
       D:14 |    1588 |    4049 |  71.8 |       2 |       5 |  71.4
            +---------+---------+-------+---------+---------+-------
